 Dungeon Crawl Stone Soup version 0.31.0-11-ge490571c62 (webtiles) character file.

Game seed: 9465579239413779580

301 Orangeyouglad the Magician (level 6, 53/53 HPs)
             Began as an Oni Fire Elementalist on Jan 26, 2024.
             Quit the game on level 4 of the Dungeon on Jan 28, 2024.
             The game lasted 00:09:41 (4823 turns).

Orangeyouglad the Magician (Oni Fire Elementalist)  Turns: 4823, Time: 00:09:41

Health: 53/53      AC:  3    Str: 13    XL:     6   Next: 37%
Magic:  12/12      EV: 25    Int: 18    God:
Gold:   186        SH:  0    Dex:  9    Spells: 7/13 levels left

rFire   . . .        d - +1 long sword
rCold   . . .        (no shield)
rNeg    . . .        a - +0 robe
rPois   .            (helmet restricted)
rElec   .            (no cloak)
rCorr   .            (gloves unavailable)
SInv    .            (boots unavailable)
Will    .....        h - amulet of the acrobat
Stlth   +            (no ring)
HPRegen 0.28/turn    (no ring)
MPRegen 0.13/turn

%: acrobat
@: acrobatic
A: large, unfitting armour, horns 1, tough skin 1, double potion healing,
drunken brawling
a: no special abilities


You were on level 4 of the Dungeon.
You visited 1 branch of the dungeon, and saw 5 of its levels.

You collected 186 gold pieces.

Inventory:

Hand Weapons
 c - a +0 short sword
 d - a +1 long sword (weapon)
Missiles
 j - a throwing net
Armour
 a - a +0 robe (worn)
Jewellery
 h - an amulet of the acrobat (around neck)
Talismans
 s - a serpent talisman
Scrolls
 g - a scroll of enchant weapon
 k - 3 scrolls of fear
 m - a scroll of butterflies {unknown}
 n - a scroll of silence {unknown}
 o - a scroll of amnesia {unknown}
 p - 2 scrolls of identify {unknown}
 q - 2 scrolls of noise {unknown}
 t - a scroll of poison {unknown}
Potions
 b - a potion of magic
 e - 2 potions of curing {unknown}
 f - 2 potions of enlightenment {unknown}
 i - 2 potions of might {unknown}
 l - a potion of haste {unknown}
 r - a potion of mutation {unknown}


   Skills:
 + Level 3.2 Dodging
 - Level 1.4 Stealth
 + Level 4.1 Spellcasting
 + Level 2.8 Conjurations
 + Level 3.9 Fire Magic


You had 7 spell levels left.
You knew the following spells:

 Your Spells              Type           Power      Damage    Failure   Level
a - Foxfire               Conj/Fire      60%        2x1d7     3%          1
b - Scorch                Fire           34%        2d6       4%          2
c - Inner Flame           Hex/Fire       10%        N/A       19%         3

Your spell library contained the following spells:

 Spells                   Type           Power      Damage    Failure   Level
 Volatile Blastmotes      Fire/Tloc      20%        2d11      19%         3
 Flame Wave               Conj/Fire      15%        2d7       36%         4


Dungeon Overview and Level Annotations

Branches:
Dungeon (5/15)
 Temple: D:4-7

Altars:
Uskayaw


Innate Abilities, Weirdness & Mutations

You are too large for most types of armour.
You have a pair of small horns on your head.
You have tough skin. (AC +1)
You gain doubled healing and magic from potions.
Whenever you drink a healing potion, you attack all around you.


Message History

The ogre is moderately wounded.
Casting: Foxfire (safe; 3% risk of failure)
Press: ? - help, Q - select action, (/) - cycle Dir - look around, f - activate You conjure some foxfire!
The foxfire hits the ogre.
The ogre is heavily wounded.
The foxfire hits the ogre.
The ogre is heavily wounded.
The foxfire hits the orc.
The orc is severely wounded.
The ogre hits you with a +0 giant club!!
Ouch! That really hurt!
You hit the ogre.
The ogre is heavily wounded.
The foxfire hits the orc but does no damage.
The orc is severely wounded.
The orc hits you but does no damage. The ogre hits you with a +0 giant club!
* * * LOW HITPOINT WARNING * * *
Found 9 gold pieces.
There is a stone staircase leading up here.
The orc barely misses you.
You climb upwards.
There is a stone staircase leading down here.
Casting: Foxfire (safe; 3% risk of failure)
Confirm with . or Enter, or press ? or * to list all spells.
Flames lash the orc.
You kill the orc!
Casting: Scorch (safe; 4% risk of failure)
Confirm with . or Enter, or press ? or * to list all spells.
Okay, then.
There is a stone staircase leading down here.
You start resting.
Magic restored.
You start resting.
HP restored.
Saving game... please wait.
Welcome back, Orangeyouglad the Oni Fire Elementalist.
Press ? for a list of commands and other information.
Are you sure you want to abandon this character and quit the game? (Confirm with "yes".)

######.# #.#
..##...#########.#
#........##......# #########
#..###.#.......### #.......#
..## ##...#.##.# #.......# .##
##..#.##.# #.......#### .#
#....##.#####..........### .##
##..####.#...........##....
#.##
##.#.####.#@###.......######
##.###..#......#.#.........#
##.....########....##.#####
###...########.....#.# #
#...)>.............#######
#####....####.####..####.....#
..............####...###.....#
.........[...................#
..............####...###.....#


There were no monsters in sight!

Vanquished Creatures
  A black bear (D:4)
  A hound (D:4)
  A bombardier beetle (D:4)
  3 gnolls (D:2)
  4 adders
  2 ribbon worms
  2 dart slugs
  An orc (D:4)
  3 bats (D:1)
  3 endoplasms
  7 giant cockroaches
  4 goblins
  11 hobgoblins
  6 quokkas
  9 ball pythons
  A frilled lizard (D:2)
  7 kobolds
  9 rats
75 creatures vanquished.

Vanquished Creatures (others)
  214 foxfires
214 creatures vanquished.

Grand Total: 289 creatures vanquished

Notes
Turn   | Place    | Note
-------+----------+-------------------------------------------
     0 | D:1      | Orangeyouglad the Oni Fire Elementalist began the quest for
                  | the Orb.
     0 | D:1      | Reached XP level 1. HP: 16/16 MP: 3/3
   113 | D:1      | Reached skill level 1 in Conjurations
   379 | D:1      | Reached XP level 2. HP: 24/24 MP: 5/5
  1115 | D:1      | Reached XP level 3. HP: 31/31 MP: 0/7
  1585 | D:2      | Learned a level 2 spell: Scorch
  1793 | D:2      | Reached skill level 3 in Spellcasting
  1861 | D:2      | Found a faded altar of an unknown god.
  2141 | D:2      | Reached XP level 4. HP: 39/39 MP: 3/8
  2610 | D:2      | Learned a level 3 spell: Inner Flame
  2779 | D:3      | Identified the +0 scale mail "Virrer" {rPois rC+ Stlth+}
  2795 | D:3      | Found a hide-covered altar of Uskayaw.
  2940 | D:3      | Reached XP level 5. HP: 45/45 MP: 8/10
  3874 | D:4      | Noticed a black bear
  4090 | D:4      | Killed a black bear
  4091 | D:4      | Reached skill level 4 in Spellcasting
  4091 | D:4      | Reached XP level 6. HP: 34/53 MP: 3/12
  4620 | D:5      | Entered Level 5 of the Dungeon
  4823 | D:4      | Upgraded the game from 0.31.0-10-gcf4a605ca0 to
                  | 0.31.0-11-ge490571c62
  4823 | D:4      | Quit the game

Illustrated notes

Levels and vault maps discovered:
D:1:      dpeg_arrival_long_road, layout_basic
D:2:      layout_loops_ring, hellmonk_ecumenical_altar_crossroads
D:3:      layout_loops_ring, eat_drink_and_be_merry_uskayaw,
          chequers_serial_rivers_small_3
D:4:      layout_loops_cross
D:5:      layout_layer_cave

Skill      XL: |  1  2  3  4  5 |
---------------+----------------+-----
Conjurations   | 1 2 |  2.8
Dodging        | 2 3 |  3.2
Fire Magic     | 3 |  3.9
Spellcasting   | 3 4 |  4.1
Stealth        | |  1.4

Action                     |  1- 3 |  4- 6 || total
---------------------------+-------+-------++-------
  Melee: Unarmed           |     9 |       ||     9
         Short sword       |     3 |       ||     3
         Long sword        |    18 |    36 ||    54
         Headbutt          |     7 |     3 ||    10
   Cast: Foxfire           |    66 |    64 ||   130
         Scorch            |     1 |     9 ||    10
    Use: Scroll            |       |     2 ||     2
   Stab: Sleeping          |     1 |       ||     1
 Armour: Robe              |    31 |    37 ||    68
  Dodge: Dodged            |    25 |    60 ||    85
         Form:             |       |     1 ||     1
         Serpent           |       |     1 ||     1
